 Dungeon Crawl Stone Soup version 0.28-a0-595-g9f6c0e134a (webtiles) character file.

Game seed: 8987150149350004162

1320 meatgazer the Distorting Demonspawn (level 8, -1/65 HPs)
             Began as a Demonspawn Abyssal Knight on Oct 4, 2021.
             Was a Believer of Lugonu.
             Succumbed to a gnoll sergeant's poison
             ... on level 6 of the Dungeon.
             The game lasted 00:09:03 (7217 turns).

meatgazer the Distorting Demonspawn (DsAK)          Turns: 7217, Time: 00:09:03

Health: -1/65      AC: 11    Str: 20    XL:     8   Next: 33%
Magic:  12/12      EV: 11    Int:  9    God:    Lugonu [**....]
Gold:   371        SH:  0    Dex: 16    Spells: 7/7 levels left

rFire   . . .      SeeInvis +   a - +3 falchion
rCold   . . .      Faith    .   (no shield)
rNeg    . . .      Spirit   .   b - +1 leather armour
rPois   +          Reflect  .   (no helmet)
rElec   .          Harm     .   d - +2 cloak {rPois}
rCorr   .          Rampage  .   (no gloves)
Will    +....                   h - +0 pair of boots
Stlth   +.........              (no amulet)
HPRegen 0.20/turn               c - +6 ring of strength
MPRegen 0.13/turn               i - ring of see invisible

@: lethally poisoned (-1 -> -37), unable to read
A: claws 1, molten scales 2, foul stench 1, dopey 1, low mp 1, strong-willed 1,
wild magic 1, inability to read while threatened
a: Renounce Religion, Depart the Abyss, Bend Space


You were on level 6 of the Dungeon.
You worshipped Lugonu.
Lugonu was pleased with you.
You visited 1 branch of the dungeon, and saw 6 of its levels.
You visited the Abyss 1 time.

You collected 371 gold pieces.

Inventory:

Hand Weapons
 a - a +3 falchion (weapon)
Armour
 b - a +1 leather armour (worn)
 d - a +2 cloak of poison resistance (worn)
 h - a +0 pair of boots (worn)
Jewellery
 c - a +6 ring of strength (left claw)
 f - a ring of protection from cold
 i - a ring of see invisible (right claw)
 n - a ring of wizardry
Wands
 k - a wand of iceblast (1)
 p - a wand of flame (18)
Scrolls
 l - 2 scrolls of teleportation
 m - a scroll of immolation
Potions
 e - a potion of attraction
 g - a potion of curing
 j - 2 potions of brilliance
 o - a potion of degeneration {unknown}


   Skills:
 * Level 6.8 Fighting
 * Level 5.8 Long Blades
 - Level 1.7 Armour
 - Level 0.8 Dodging
 + Level 7.2 Invocations


You had 7 spell levels left.
You didn't know any spells.
Your spell library contained the following spells:

 Spells                   Type           Power      Damage    Failure   Level
 Call Canine Familiar     Summ           0%         N/A       86%         3
 Portal Projectile        Hex/Tloc       0%         N/A       86%         3
 Airstrike                Air            0%         N/A       99%         4
 Leda's Liquefaction      Hex/Erth       0%         N/A       99%         4
 Summon Lightning Spire   Summ/Air       0%         N/A       99%         4
 Lightning Bolt           Conj/Air       0%         1d11      100%        5


Dungeon Overview and Level Annotations

Branches:
Dungeon (6/15)             Temple (0/1) D:4

Altars:
Ashenzari
Dithmenos
Okawaru
Vehumet
Xom
Yredelemnul

Annotations:
D:5 1 runed translucent door, SirDiesAlot's ghost, amateur MiDe


Innate Abilities, Weirdness & Mutations

You have sharp fingernails.
You are mostly covered in molten scales. (AC +3)
You may rarely emit foul miasma when damaged in melee.
You are dopey. (Int -2)
Your magical capacity is low. (-10% MP)
You are strong-willed. (Will+)
Your spells are a little harder to cast, but a little more powerful.
You sometimes lose the ability to read scrolls when taking damage.


Message History

Things that are here:
a +0 spear; a gnoll corpse You barely miss the gnoll sergeant.
The gnoll sergeant hits you but does no damage.
The gnoll hits you from afar with a +0 halberd.
You slash the gnoll sergeant!
The gnoll sergeant is moderately wounded.
The gnoll sergeant hits you with a +5 spear of venom!
You are poisoned.
The gnoll barely misses you.
You slash the gnoll sergeant!
The gnoll sergeant is heavily wounded.
You feel very sick.
The gnoll sergeant hits you with a +5 spear of venom.
You are more poisoned.
The gnoll hits you from afar with a +0 halberd!
You feel threatened and lose the ability to read scrolls!
You barely miss the gnoll sergeant.
The gnoll sergeant is heavily wounded.
You feel very sick.
The gnoll sergeant hits you with a +5 spear of venom.
You are more poisoned.
The gnoll hits you but does no damage.
You hit the gnoll sergeant.
The gnoll sergeant is severely wounded.
You feel very sick.
The gnoll sergeant hits you with a +5 spear of venom.
* * * LOW HITPOINT WARNING * * *
The gnoll closely misses you. The gnoll sergeant blocks your attack.
The gnoll sergeant is severely wounded.
* * * LOW HITPOINT WARNING * * *
You feel very sick.
The gnoll sergeant hits you with a +5 spear of venom!
* * * LOW HITPOINT WARNING * * *
You are more poisoned.
The gnoll closely misses you. The gnoll sergeant blocks your attack.
The gnoll sergeant is severely wounded.
You die...

). .. . . . #.##### .#
.#############.....###.#
....ggg@............ ...
.########.......##.###.#
#.#............#
#.#.#####..###.#
#.......#......#
###.#.......#...
...###.#......# #####
###..##.## #..##.##


You could see a gnoll sergeant and 2 gnolls.

Vanquished Creatures
  Eustachio (D:5)
  A water moccasin (D:5)
  2 black bears
  A necrophage (D:4)
  2 ogres
  2 scorpions
  2 hounds
  A jelly (D:6)
  3 orc priests
  Crazy Yiuf (D:4)
  A centaur skeleton (D:5)
  2 iguanas
  A hound skeleton (D:5)
  A gnoll (D:6)
  12 adders
  A shadow imp (D:5)
  3 worms
  9 orcs
  9 ball pythons
  4 endoplasms
  2 giant cockroaches
  6 goblins
  3 hobgoblins (D:1)
  A quokka (D:1)
  5 bats
  2 frilled lizards
  5 kobolds
  3 rats (D:1)
86 creatures vanquished.

Notes
Turn   | Place    | Note
-------+----------+-------------------------------------------
     0 | Abyss:1  | meatgazer the Demonspawn Abyssal Knight began the quest for
                  | the Orb.
     0 | Abyss:1  | Reached XP level 1. HP: 18/18 MP: 2/2
    21 | Abyss:2  | Noticed an anaconda zombie
    26 | Abyss:2  | Noticed a raiju
    26 | Abyss:2  | Noticed a raiju
    26 | Abyss:2  | Noticed a raiju
    31 | D:1      | Escaped the Abyss
   483 | D:1      | Reached skill level 3 in Invocations
   611 | D:1      | Gained mutation: You are partially covered in molten
                  | scales. (AC +2) [demonic ancestry]
   611 | D:1      | Reached XP level 2. HP: 24/24 MP: 4/4
  1122 | D:1      | Reached * piety under Lugonu
  1538 | D:2      | Found a shimmering altar of Xom.
  1541 | D:2      | Reached XP level 3. HP: 29/29 MP: 5/5
  1673 | D:2      | Reached skill level 4 in Invocations
  2193 | D:2      | Found a faded altar of an unknown god.
  2200 | D:2      | Gained mutation: You have sharp fingernails. [demonic
                  | ancestry]
  2200 | D:2      | Reached XP level 4. HP: 35/35 MP: 7/7
  2800 | D:3      | Found a shadowy altar of Dithmenos.
  3141 | D:3      | Found a basalt altar of Yredelemnul.
  3358 | D:4      | Reached skill level 5 in Invocations
  3470 | D:4      | Noticed a scorpion
  3471 | D:4      | Found a staircase to the Ecumenical Temple.
  3481 | D:4      | Killed a scorpion
  3481 | D:4      | Reached ** piety under Lugonu
  3482 | D:4      | Reached XP level 5. HP: 30/42 MP: 8/8
  3768 | D:4      | Found an iron altar of Okawaru.
  3950 | D:4      | Noticed an ogre
  3953 | D:4      | Killed an ogre
  3954 | D:4      | Gained mutation: You may rarely emit foul miasma when
                  | damaged in melee. [demonic ancestry]
  3954 | D:4      | Reached XP level 6. HP: 49/49 MP: 8/10
  4046 | D:4      | Found a runed translucent door.
  4047 | D:4      | Noticed Crazy Yiuf
  4051 | D:4      | Gained mutation: You have hidden genetic defects. [potion
                  | of mutation]
  4051 | D:4      | Gained mutation: You are strong-willed. (Will+) [potion of
                  | mutation]
  4051 | D:4      | Gained mutation: Your spells are a little harder to cast,
                  | but a little more powerful. [potion of mutation]
  4058 | D:4      | Killed Crazy Yiuf
  4575 | D:5      | Entered Level 5 of the Dungeon
  4613 | D:4      | Gained mutation: You are dopey. (Int -2) [hidden defects]
  4881 | D:4      | Reached skill level 5 in Fighting
  4885 | D:4      | Reached skill level 6 in Invocations
  4892 | D:5      | Gained mutation: You have terrible hidden genetic defects.
                  | [hidden defects]
  4892 | D:5      | Lost mutation: You have terrible hidden genetic defects.
                  | [hidden defects expressed]
  4900 | D:5      | Noticed a water moccasin
  4902 | D:5      | Found a broken altar of Ashenzari.
  4916 | D:5      | Killed a water moccasin
  4917 | D:5      | Reached XP level 7. HP: 25/56 MP: 11/11
  4932 | D:5      | Noticed Eustachio
  4935 | D:5      | Gained mutation: You sometimes lose the ability to read
                  | scrolls when taking damage. [hidden defects]
  5551 | D:5      | Killed Eustachio
  5552 | D:5      | Reached skill level 5 in Long Blades
  5559 | D:5      | Gained mutation: Your magical capacity is low. (-10% MP)
                  | [hidden defects]
  5559 | D:5      | Lost mutation: You have hidden genetic defects. [hidden
                  | defects expressed]
  5756 | D:5      | Gained mutation: You are mostly covered in molten scales.
                  | (AC +3) [demonic ancestry]
  5756 | D:5      | Reached XP level 8. HP: 64/65 MP: 11/11
  6101 | D:5      | Found a radiant altar of Vehumet.
  6115 | D:5      | Found a runed translucent door.
  6116 | D:5      | Noticed SirDiesAlot's ghost (amateur MiDe)
  6116 | D:5      | Noticed a two-headed ogre
  6202 | D:5      | Reached skill level 7 in Invocations
  7217 | D:6      | Succumbed to a gnoll sergeant's poison

Illustrated notes

Levels and vault maps discovered:
D:1:      matt_arrival_diagonals, layout_basic
D:2:      layout_basic, basic_altar, ebering_ecumenical_altar_sacrificial,
          chequers_arboretum
D:3:      layout_loops_ring, mainiacjoe_overflow_tiny_flanked,
          mainiacjoe_overflow_brackets
D:4:      layout_basic, overflow_temple_1_default,
          minmay_temple_entry_antechambers, uniq_crazy_yiuf_cottage
D:5:      layout_rooms, mainiacjoe_overflow_paths,
          ashenzari_conservatory_becter, ebering_ghost_inner_flame,
          uniq_eustachio
D:6:      layout_basic, amcnicky_mini_pool_small

Skill      XL: |  1  2  3  4  5  6  7  8 |
---------------+-------------------------+-----
Invocations    | 3 4 5 6 7 |  7.2
Long Blades    | 2 3 4 5 |  5.8
Fighting       | 4 5 6 |  6.8
Armour         | |  1.7
Dodging        | |  0.8

Action                   |  1- 3 |  4- 6 |  7- 9 || total
-------------------------+-------+-------+-------++-------
Melee: Falchion          |    83 |   145 |    88 ||   316
Invok: Depart the Abyss  |     1 |       |       ||     1
Evoke: Wand              |       |     3 |       ||     3
  Use: Scroll            |     1 |    10 |     2 ||    13
       Potion            |       |     2 |     1 ||     3
 Stab: Sleeping          |       |     1 |       ||     1
       Distracted        |       |     1 |       ||     1
Armor: Leather armour    |    41 |    47 |    49 ||   137
Dodge: Dodged            |    53 |   100 |    64 ||   217

Table legend: (Time is in decaauts)
 A = Elapsed time spent in this place.
 B = Non-inter-level travel time spent in this place.
 C = Inter-level travel time spent in this place.
 D = Time resting spent in this place.
 E = Time spent auto-exploring this place.
 F = Levels seen in this place.
 G = Mean time per level.
                   A        B        C        D        E       F      G
               +--------+--------+--------+--------+--------+-----+--------+
         Total |   7259 |   7011 |    248 |   1966 |   4252 |   8 |  907.4 |
       Dungeon |   7228 |   6980 |    248 |   1966 |   4247 |   6 | 1204.7 |
         Abyss |     30 |     30 |      0 |      0 |      5 |   2 |   15.0 |
               +--------+--------+--------+--------+--------+-----+--------+

Top non-repeatable levels by time:
     D:4: 2149 daAuts
     D:5: 1502 daAuts
     D:1: 1247 daAuts
     D:2: 1095 daAuts
     D:3: 996 daAuts
     D:6: 236 daAuts
 Abyss:2: 19 daAuts
 Abyss:1: 11 daAuts
